 Dungeon Crawl Stone Soup version 0.19-a0-1912-g48530cd (webtiles) character file.

50411 HyperCube the Phalangite (level 14, 0/106 HPs)
             Began as a Merfolk Gladiator on Dec 20, 2016.
             Was a High Priest of Hepliaklqana.
             Slain by a cyclops (29 damage)
             ... on level 14 of the Dungeon.
             The game lasted 00:36:24 (20321 turns).

HyperCube the Phalangite (Merfolk Gladiator)       Turns: 20321, Time: 00:36:25

Health: 0/106      AC:  9    Str: 17    XL:     14   Next: 55%
Magic:  0/12       EV: 22    Int:  8    God:    Hepliaklqana [*****.]
Gold:   1431       SH:  0    Dex: 17    Spells: 13/13 levels left

rFire  . . .     SeeInvis .     N - +1 bardiche
rCold  . . .     Faith    .     x - +0 swamp dragon scales of the Invisible Hand {rElec rPois Stlth+}
rNeg   + . .     Spirit   +     (shield currently unavailable)
rPois  +         Reflect  .     c - +0 helmet
rElec  +                        (no cloak)
rCorr  +                        (no gloves)
MR     +....                    i - +0 pair of boots
Stlth  ++........               o - amulet of guardian spirit
                                R - ring of positive energy
                                l - ring of resist corrosion

@: no status effects
A: change form in water, swift swim, stealthy swim, reduced essence, low mp 1
a: Recall Ancestor, Ancestor Identity, Transference, Idealise, Renounce Religion


You were on level 14 of the Dungeon.
You worshipped Hepliaklqana.
Hepliaklqana was extremely pleased with you.
You were not hungry.

You visited 2 branches of the dungeon, and saw 16 of its levels.

You collected 1692 gold pieces.
You spent 261 gold pieces at shops.

Inventory:

Hand Weapons
 N - a +1 bardiche (weapon)
Missiles
 d - 4 throwing nets (quivered)
 w - 116 javelins of penetration
 z - 216 tomahawks
 I - 48 poisoned javelins
Armour
 c - a +0 helmet (worn)
 i - a +0 pair of boots (worn)
 x - the +0 swamp dragon scales of the Invisible Hand (worn) {rElec rPois Stlth+}
   (You found it on level 9 of the Dungeon)

   It insulates you from electricity.
   It protects you from poison.
   It makes you more stealthy.
Jewellery
 l - a ring of resist corrosion (left hand)
 o - an amulet of guardian spirit (around neck)
 t - an uncursed ring of fire
 u - an uncursed ring of flight
 R - a ring of positive energy (right hand)
Wands
 q - a wand of digging (15/24)
 v - a wand of random effects (30/48)
 B - a wand of disintegration (15/24)
 T - a wand of polymorph (17/24)
 V - a wand of iceblast (11/15)
 X - a wand of polymorph (6/24)
Scrolls
 b - 2 scrolls of magic mapping
 h - 3 scrolls of amnesia
 j - 4 scrolls of identify
 k - 3 scrolls of immolation
 n - 2 scrolls of fog
 s - 3 scrolls of remove curse
 y - 2 scrolls of enchant armour
 A - a scroll of silence
 E - a scroll of blinking
 G - 5 scrolls of teleportation
 H - a scroll of noise
Potions
 e - a potion of berserk rage
 f - 3 potions of haste
 g - 4 potions of might
 m - 2 potions of ambrosia {unknown}
 p - a potion of flight {unknown}
 r - 10 potions of curing
 D - 2 potions of cure mutation {unknown}
 F - 5 potions of lignification
 J - a potion of magic {unknown}
 K - 2 potions of brilliance {unknown}
 O - 2 potions of resistance {unknown}
 Q - a potion of cancellation {unknown}
 S - 3 potions of heal wounds
Miscellaneous
 C - a fan of gales
 M - a disc of storms
 Z - a lamp of fire


   Skills:
 + Level 13.6 Fighting
 * Level 22.4 Polearms
 - Level 2.0 Throwing
 + Level 16.0 Dodging


You had 13 spell levels left.
You didn't know any spells.

Dungeon Overview and Level Annotations

Branches:
Dungeon (14/15)            Temple (0/1) D:6           Swamp (0/3) D:14
    Orc (2/2) D:9
   Lair: D:-1         Snake: D:13-14     Spider: D:13-14      Crypt: Vaults:-1
   Tomb: Vaults:-1

Altars:
Ashenzari
Elyvilon
Hepliaklqana
Kikubaaqudgha
Ru
Trog
Vehumet
Xom
Yredelemnul
The Shining One
Beogh

Shops:
D:6 *   D:9 ([   Orc:2 (}:?


Innate Abilities, Weirdness & Mutations

You revert to your normal form in water.
You are very nimble and swift while swimming.
You are very stealthy in the water.
Your life essence is reduced. (-10% HP)
Your magical capacity is low. (-10% MP)


Message History

Nenetl hits the komodo dragon with a flail (5).
You hit the komodo dragon but do no damage.
The komodo dragon is almost dead.
The komodo dragon closely misses you.
The cyclops throws a large rock.
The large rock hits you (28)!!
You slice the komodo dragon (29)!!
You kill the komodo dragon!
The cyclops throws a large rock.
The large rock barely misses you (0).
You start resting.
You start resting.
You swap places.
The cyclops completely misses you.
You hit the cyclops but do no damage. The cyclops hits you (24)!!
* * * LOW HITPOINT WARNING * * *
You are too injured to fight recklessly!
You hit the cyclops but do no damage.
You open the cyclops like a pillowcase (40)!!!
The cyclops is severely wounded.
You hear an angry buzzing noise. x2
The cyclops hits you (30)!!
You die...

.# #.# .# #.# ## ..#
.#####.#.. .......# ..
.....#.#.# ......# ..
....(.)#.# .C...###..
.........# ......'
.........# .....#
........#########C##.#
................@R...##'##
..........................
........................##
..............###########
######........# ##########


You could see the friendly Nenetl the knight and a cyclops.

Vanquished Creatures
  An orc warlord (Orc:1)
  5 hydras
  Harold (D:12)
  A catoblepas (D:14)
  3 centaur warriors
  4 ogre magi (Orc:2)
  A tengu warrior (D:14)
  An orc high priest (D:11)
  3 hill giants
  An orc knight (Orc:2)
  5 cyclopes
  5 orc sorcerers (Orc:2)
  2 manticores (D:14)
  7 ugly things
  4 centaur zombies
  A torpor snail (D:14)
  Joseph (D:9)
  3 spiny frogs
  An ice statue (D:9)
  A kobold demonologist (D:9)
  2 komodo dragons (D:14)
  A rime drake (D:11)
  2 demonic crawlers (D:14)
  4 trolls
  4 two-headed ogres
  A meliai zombie (D:13)
  11 slime creatures
  4 blink frogs (D:11)
  4 wyverns
  7 yaks
  A black mamba skeleton (D:7)
  2 angry ghosts
  6 vampire mosquitoes
  4 wargs
  2 soldier ants (D:9)
  A water moccasin (D:12)
  19 orc warriors
  A spiny frog skeleton (D:11)
  3 ice beasts
  3 wasps
  3 black bears
  6 ogres
  2 phantoms
  8 centaurs
  2 necrophages (D:7)
  A blink frog skeleton (D:9)
  A blink frog zombie (D:13)
  14 big kobolds (D:9)
  A rime drake skeleton (D:12)
  2 wyvern zombies
  A wyvern skeleton (D:7)
  A killer bee (D:9)
  9 wights
  A howler monkey (D:6)
  3 spriggan skeletons (D:10)
  A hound (D:7)
  2 jellies
  3 centaur skeletons
  A bullfrog skeleton (D:7)
  6 orc priests
  3 iguanas
  Natasha (thrice) (D:4)
  28 orc wizards
  4 worker ants
  A hound zombie (D:5)
  3 gnolls (D:4)
  14 adders
  A shadow imp (D:9)
  5 dart slugs
  2 leopard geckos
  54 orcs
  2 bats (D:2)
  4 giant cockroaches
  9 goblins
  9 hobgoblins
  10 jackals
  9 kobolds
  2 ball pythons (D:3)
  9 frilled lizards
  5 rats
378 creatures vanquished.

Vanquished Creatures (collateral kills)
  A hydra (D:11)
  A catoblepas (D:14)
  A centaur warrior (D:13)
  An unseen horror (D:10)
  An orc sorcerer (Orc:2)
  3 centaur zombies
  A gargoyle (D:11)
  3 trolls
  3 slime creatures (D:14)
  A vampire (D:13)
  2 yaks
  A wyvern (D:12)
  A steam dragon (D:12)
  2 vampire mosquitoes
  A warg (Orc:1)
  A black bear (D:8)
  3 orc warriors
  3 necrophages
  2 ogres
  2 centaurs (D:12)
  A crocodile (D:14)
  2 blink frog skeletons
  A big kobold (D:9)
  A wyvern zombie (D:12)
  A water moccasin zombie (D:7)
  A wyvern skeleton (D:7)
  A scorpion (D:6)
  2 killer bees (D:9)
  A wight (D:6)
  A spriggan skeleton (D:10)
  A howler monkey (D:5)
  A bullfrog skeleton (D:7)
  A jelly (D:12)
  A centaur skeleton (D:7)
  A gnoll shaman (D:4)
  3 orc priests
  2 iguanas (D:7)
  6 orc wizards (Orc:2)
  3 worker ants
  A hound zombie (D:6)
  2 gnolls (D:4)
  An adder (D:6)
  An adder skeleton (D:4)
  13 orcs
  A hobgoblin (Orc:1)
  A jackal (D:5)
  6 kobolds (D:9)
91 creatures vanquished.

Vanquished Creatures (others)
  An orc wizard (Orc:2)
  13 knights
  10 ancestors
  A withered plant (D:7)
25 creatures vanquished.

Grand Total: 494 creatures vanquished

Notes
Turn   | Place    | Note
-------+----------+-------------------------------------------
     0 | D:1      | HyperCube the Merfolk Gladiator began the quest for the Orb.
     0 | D:1      | Reached XP level 1. HP: 16/16 MP: 1/1
    64 | D:1      | Reached XP level 2. HP: 16/23 MP: 2/2
   385 | D:1      | Reached skill level 5 in Polearms
   559 | D:1      | Found a shattered altar of Ashenzari.
   577 | D:1      | Reached XP level 3. HP: 22/28 MP: 3/3
  1163 | D:2      | Reached XP level 4. HP: 34/35 MP: 4/4
  1169 | D:2      | Reached skill level 6 in Polearms
  1781 | D:3      | Reached XP level 5. HP: 41/41 MP: 5/5
  2191 | D:3      | Reached skill level 5 in Dodging
  2434 | D:3      | Reached skill level 7 in Polearms
  2656 | D:3      | Noticed an ice beast
  2715 | D:2      | HP: 1/42 [wight/enchanted great sword (7)]
  3151 | D:3      | Reached XP level 6. HP: 46/48 MP: 6/6
  3210 | D:3      | Found a faded altar of an unknown god.
  3377 | D:4      | Noticed Natasha
  3398 | D:4      | Killed Natasha
  3589 | D:4      | Found a hazy altar of Hepliaklqana.
  3610 | D:4      | Became a worshipper of Hepliaklqana the Forgotten
  3713 | D:4      | Reached skill level 8 in Polearms
  3888 | D:4      | Reached XP level 7. HP: 46/49 MP: 7/7
  3889 | D:4      | Noticed Natasha
  3901 | D:4      | Killed Natasha
  4116 | D:4      | Found a white marble altar of Elyvilon.
  4230 | D:4      | Noticed Natasha
  4236 | D:4      | Killed Natasha
  4394 | D:4      | Reached skill level 5 in Fighting
  4394 | D:4      | Reached skill level 9 in Polearms
  4622 | D:5      | Entered Level 5 of the Dungeon
  4622 | D:5      | Found a shimmering altar of Xom.
  4668 | D:5      | Reached XP level 8. HP: 55/55 MP: 8/8
  4841 | D:5      | Reached skill level 10 in Polearms
  5102 | D:6      | Reached * piety under Hepliaklqana
  5298 | D:6      | Found Waxiadod's Assorted Antiques.
  5395 | D:6      | Found a staircase to the Ecumenical Temple.
  5559 | D:6      | Reached skill level 11 in Polearms
  6035 | D:6      | Reached XP level 9. HP: 60/63 MP: 9/9
  6080 | D:7      | Reached skill level 12 in Polearms
  6369 | D:7      | Found a glowing golden altar of the Shining One.
  6479 | D:7      | Found a radiant altar of Vehumet.
  6648 | D:7      | Found a basalt altar of Yredelemnul.
  6700 | D:7      | Reached skill level 13 in Polearms
  6945 | D:7      | Reached ** piety under Hepliaklqana
  7051 | D:7      | Remembered your ancestor Nenetl as a knight
  7539 | D:8      | Reached skill level 14 in Polearms
  7539 | D:8      | Reached XP level 10. HP: 72/72 MP: 10/10
  7545 | D:8      | Found a sacrificial altar of Ru.
  7598 | D:8      | Got a brightly glowing helmet
  7609 | D:8      | Identified the cursed -5 helmet "Desutiz" {rPois Int+4 Stlth-} (You found it on level 8 of the Dungeon)
  7679 | D:8      | Reached skill level 10 in Dodging
  7816 | D:8      | Found a glowing golden altar of the Shining One.
  8632 | D:9      | Noticed a centaur warrior
  8667 | D:9      | Killed a centaur warrior
  8667 | D:9      | Reached skill level 15 in Polearms
  9106 | D:9      | Found Paty's Weapon Shop.
  9517 | D:9      | Found Eshrifut's Armour Shop.
  9517 | D:9      | Found a staircase to the Orcish Mines.
  9548 | D:9      | Bought a +1 glaive of flaming for 261 gold pieces
  9571 | D:9      | Reached XP level 11. HP: 80/80 MP: 11/11
  9623 | D:9      | Reached skill level 16 in Polearms
  9863 | D:9      | Got dazzling swamp dragon scales
  9874 | D:9      | Identified the cursed +0 swamp dragon scales of the Invisible Hand {rElec rPois Stlth+} (You found it on level 9 of the Dungeon)
 10283 | D:9      | Noticed Joseph
 10284 | D:9      | Reached *** piety under Hepliaklqana
 10288 | D:9      | Killed Joseph
 10495 | D:10     | Entered Level 10 of the Dungeon
 10591 | D:10     | Reached skill level 17 in Polearms
 11098 | D:10     | Reached skill level 10 in Fighting
 11119 | D:10     | Reached **** piety under Hepliaklqana
 11199 | D:10     | Killed an unseen horror
 11505 | D:11     | Noticed a hill giant
 11510 | D:11     | Killed a hill giant
 11534 | D:11     | Noticed an orc high priest
 11541 | D:11     | Killed an orc high priest
 11543 | D:11     | Noticed a seven-headed hydra
 11549 | D:11     | Killed a seven-headed hydra
 11549 | D:11     | Reached skill level 18 in Polearms
 11549 | D:11     | Reached XP level 12. HP: 80/89 MP: 12/12
 12154 | D:12     | Noticed a seven-headed hydra
 12161 | D:12     | Killed a seven-headed hydra
 12673 | D:12     | Noticed Harold
 12690 | D:12     | Killed Harold
 12690 | D:12     | Reached skill level 19 in Polearms
 13009 | D:12     | Got a shimmering scale mail
 13020 | D:12     | Identified the +6 scale mail of Pathos {*Slow rF+ Stlth+} (You found it on level 12 of the Dungeon)
 13496 | D:12     | Noticed a nine-headed hydra
 13501 | D:12     | Killed a nine-headed hydra
 14087 | Orc:1    | Entered Level 1 of the Orcish Mines
 14356 | Orc:1    | Found a bloodstained altar of Trog.
 14523 | Orc:2    | Entered Level 2 of the Orcish Mines
 14900 | Orc:2    | Noticed an orc warlord
 14928 | Orc:1    | Reached XP level 13. HP: 78/96 MP: 13/13
 15538 | Orc:1    | Killed an orc warlord
 15538 | Orc:1    | Reached skill level 20 in Polearms
 15814 | Orc:2    | Reached ***** piety under Hepliaklqana
 15850 | Orc:2    | Gained mutation: Your magical capacity is low. (-10% MP) [a neqoxec]
 16162 | Orc:2    | Found Urphavve's Antique Weapon Shoppe.
 16162 | Orc:2    | Noticed an ogre mage
 16168 | Orc:2    | Killed an ogre mage
 16195 | Orc:2    | Found a radiant altar of Vehumet.
 16402 | Orc:2    | Found an ancient bone altar of Kikubaaqudgha.
 16461 | Orc:2    | Found a roughly hewn altar of Beogh.
 16461 | Orc:2    | Found Lener's Magic Scroll Shoppe.
 16560 | Orc:2    | Found Juotiec's Book Shoppe.
 16569 | Orc:2    | Found Wout Kiu's Gadget Emporium.
 16884 | D:13     | Reached skill level 21 in Polearms
 17298 | D:13     | Reached skill level 15 in Dodging
 18003 | D:14     | Reached XP level 14. HP: 75/104 MP: 12/12
 18882 | D:14     | Found a staircase to the Swamp.
 18905 | D:14     | Reached skill level 22 in Polearms
 20321 | D:14     | Slain by a cyclops

Vault maps used:
D:1:      minmay_arrival_three_doors, ashenzari_altar_1
D:3:      ecumenical_altar_1
D:4:      old_standard_altar, nicolae_overflow_crystal_walls, uniq_natasha
D:5:      first_bread, basic_altar
D:6:      serial_shops, nicolae_shop_crystal, minmay_checkerbox
D:7:      lemuel_doored_altar, lemuel_coloured_pillars_altar,
          overflow_temple_1_default, serial_undead, serial_undead_e,
          serial_undead_b, serial_undead_b, serial_undead_a, serial_undead_d,
          serial_undead_b, serial_undead_c, serial_undead_c
D:8:      statuecave_lemuel, nicolae_ru_awakened_eye, basic_altar
D:9:      orc_david_3, hangedman_pestilent_swarm, st_stairs_6, minivault_15,
          uniq_joseph
D:10:     hangedman_tell_no_tales
D:11:     minmay_misc_feat_plants
D:12:     uniq_harold
D:13:     grunt_decor_cap
D:14:     minmay_swamp_entry_reptiles, serial_shops, kennysheep_mini_moat,
          einodemon_crawler_minivault
Orc:1:    trog_hazing_becter
Orc:2:    kennysheep_orc_mage_school

Skill      XL: |  1  2  3  4  5  6  7  8  9 10 11 12 13 14 |
---------------+-------------------------------------------+-----
Polearms       | 5 6 7 8 9 11 14 15 18 19 21 22 | 22.4
Fighting       | 3 4 5 6 8 9 10 11 12 13 | 13.6
Dodging        | 5 6 8 9 11 12 13 15 16 | 16.0
Throwing       | |  2.0

Action                   |  1- 3 |  4- 6 |  7- 9 | 10-12 | 13-15 || total
-------------------------+-------+-------+-------+-------+-------++-------
Melee: Trident           |   105 |   202 |   343 |   158 |       ||   808
       Glaive            |       |       |       |   431 |   482 ||   913
       Unarmed           |       |       |       |     4 |       ||     4
       Bardiche          |       |       |       |       |    16 ||    16
Throw: Throwing net      |       |       |       |       |     4 ||     4
Invok: Ancestor Life: Kn |       |       |     1 |       |       ||     1
       Recall Ancestor   |       |       |       |     2 |     1 ||     3
 Abil: Evoke Flight      |       |       |       |     1 |       ||     1
  Use: Scroll            |       |       |     1 |    15 |     4 ||    20
       Potion            |       |       |       |     1 |       ||     1
 Stab: Sleeping          |       |     1 |     1 |     9 |       ||    11
       Distracted        |       |       |     8 |     2 |    10 ||    20
Armor: Leather armour    |    10 |    32 |     6 |       |       ||    48
       Ring mail         |       |       |    22 |    22 |       ||    44
       Swamp dragon scal |       |       |       |    23 |       ||    23
       Scale mail        |       |       |       |    32 |    92 ||   124
Dodge: Dodged            |    49 |   109 |    95 |   268 |   265 ||   786
